 Dungeon Crawl Stone Soup version 0.27.1-4-g1640c2035a (webtiles) character file.

Game seed: 7270604249622408275

673 bearlyready the Chucker (level 7, -5/99 HPs)
             Began as an Ogre Brigand on Nov 15, 2021.
             Succumbed to a water moccasin's poison
             ... on level 5 of the Dungeon.
             The game lasted 00:10:59 (6372 turns).

bearlyready the Chucker (Ogre Brigand)              Turns: 6372, Time: 00:11:00

Health: -5/99      AC:  6    Str: 18    XL:     7   Next: 59%
Magic:  7/7        EV:  9    Int: 18    God:
Gold:   175        SH:  0    Dex: 10    Spells: 6/6 levels left

rFire    . . .     SeeInvis .   s - +0 flail
rCold    . . .     Faith    .   (no shield)
rNeg     . . .     Spirit   .   i - +2 robe {Archmagi}
rPois    .         Reflect  .   (helmet restricted)
rElec    .         Harm     .   c - +0 cloak
rCorr    .         Rampage  .   (gloves unavailable)
Will     .....     Archmagi +   (boots unavailable)
Stlth    ..........             (no amulet)
HPRegen  0.26/turn              m - +6 ring of intelligence
MPRegen  0.10/turn              (no ring)

@: berserking, lethally poisoned (-5 -> -42), studying Crossbows, very quick
A: large, unfitting armour, tough skin 1
a: no special abilities


You were on level 5 of the Dungeon.
You visited 1 branch of the dungeon, and saw 5 of its levels.

You collected 175 gold pieces.

Inventory:

Hand Weapons
 a - a +2 dagger
 f - a +0 whip
 s - a +0 flail (weapon)
Missiles
 e - 11 poisoned darts (quivered)
 n - 103 stones
 t - 5 large rocks
 w - a throwing net
Armour
 b - a +0 robe
 c - a +0 cloak (worn)
 i - a +2 robe of the Archmagi (worn)
Jewellery
 m - a +6 ring of intelligence (left hand)
 o - a ring of willpower
 p - a ring of fire
Wands
 d - a wand of digging (6)
Scrolls
 g - 6 scrolls of identify {unknown}
 h - a scroll of summoning {unknown}
 j - a scroll of noise {unknown}
 k - a scroll of enchant weapon {unknown}
 q - 2 scrolls of fog {unknown}
 u - 3 scrolls of teleportation {unknown}
 v - 3 scrolls of amnesia {unknown}
 x - a scroll of magic mapping {unknown}
 y - a scroll of enchant armour {unknown}
Potions
 l - a potion of flight {unknown}


   Skills:
 - Level 2.6 Fighting
 - Level 1.7 Short Blades
 + Level 4.9 Maces & Flails
 - Level 6.0 Throwing
 - Level 0.8 Dodging
 - Level 3.0 Stealth


You had 6 spell levels left.
You didn't know any spells.
Your spell library contained the following spells:

 Spells                   Type           Power      Damage    Failure   Level
 Static Discharge         Conj/Air       0%         N/A       32%         2
 Conjure Flame            Conj/Fire      0%         6-21      54%         3
 Ignite Poison            Fire/Tmut/Pois 0%         N/A       54%         3
 Sticky Flame             Conj/Fire      0%         2d3       91%         4
 Lightning Bolt           Conj/Air       0%         1d11      99%         5
 Maxwell's Capacitive Co  Air            0%         ∞         100%        8


Dungeon Overview and Level Annotations

Branches:
Dungeon (5/15)             Temple (0/1) D:5

Altars:


Innate Abilities, Weirdness & Mutations

You are too large for most types of armour.
You have tough skin. (AC +1)


Message History

You barely miss the water moccasin.
The water moccasin is lightly wounded.
The water moccasin bites you but does no damage.
You barely miss the water moccasin.
The water moccasin is lightly wounded.
The water moccasin bites you but does no damage.
The water moccasin bites you.
You are poisoned.
The water moccasin poisons you!
You thump the water moccasin!
The water moccasin is moderately wounded.
You feel very sick. The water moccasin bites you!
You are lethally poisoned!
The water moccasin poisons you! The water moccasin bites you.
You hit the water moccasin.
The water moccasin is moderately wounded.
You feel extremely sick.
The water moccasin bites you but does no damage.
You hit the water moccasin but do no damage.
The water moccasin is moderately wounded.
* * * LOW HITPOINT WARNING * * *
You feel very sick. The water moccasin bites you!
* * * LOW HITPOINT WARNING * * *
You are more poisoned.
The water moccasin poisons you!
The water moccasin bites you but does no damage.
It was a potion of berserk rage.
A red film seems to cover your vision as you go berserk!
You feel yourself moving faster!
You feel mighty!
* * * LOW HITPOINT WARNING * * *
You feel extremely sick. The water moccasin bites you.
* * * LOW HITPOINT WARNING * * *
You are more poisoned.
The water moccasin poisons you!
You barely miss the water moccasin.
The water moccasin is moderately wounded.
You die...

.#.#.#.#..>..+########+..#....
#.#.#.#.#................#....
#.#.#.#.##.....##........? ....
#...<..#..######....##.. #...
#....c....#.........#######...
#.........#.#####........#....
+.!........#..............#....
#.......#..######.........'....
##########.coS@##.........#....
#..########...########
.........# #...# # .........#
#...# # .........# #...# #
.....##### #...# # .....
#...######## .### #.......
########


You could see a water moccasin, a centaur and an orc.

Vanquished Creatures
  Sigmund (D:4)
  A necrophage (D:5)
  A scorpion (D:4)
  2 hounds
  An orc priest (D:4)
  Ijyb (D:3)
  4 orc wizards
  5 adders
  A worm (D:3)
  13 orcs
  3 endoplasms
  4 giant cockroaches
  5 goblins
  13 hobgoblins
  7 jackals
  3 quokkas
  9 ball pythons
  5 bats
  A frilled lizard (D:3)
  3 kobolds
  6 rats
89 creatures vanquished.

Notes
Turn   | Place    | Note
-------+----------+-------------------------------------------
     0 | D:1      | bearlyready the Ogre Brigand began the quest for the Orb.
     0 | D:1      | Reached XP level 1. HP: 22/22 MP: 1/1
   231 | D:1      | Reached XP level 2. HP: 27/29 MP: 2/2
   404 | D:1      | Found a faded altar of an unknown god.
   434 | D:1      | Reached skill level 1 in Maces & Flails
   766 | D:2      | Reached XP level 3. HP: 26/36 MP: 3/3
   944 | D:2      | Reached skill level 3 in Throwing
  1647 | D:2      | Reached XP level 4. HP: 16/44 MP: 4/4
  2520 | D:3      | Noticed Ijyb
  2538 | D:3      | Killed Ijyb
  2539 | D:3      | Reached XP level 5. HP: 38/50 MP: 5/5
  2862 | D:3      | Reached skill level 4 in Throwing
  4099 | D:4      | Reached XP level 6. HP: 59/59 MP: 6/6
  4206 | D:4      | Noticed a necrophage
  4870 | D:4      | Noticed Sigmund
  4905 | D:4      | Killed Sigmund
  4906 | D:4      | Reached skill level 5 in Throwing
  4906 | D:4      | Reached XP level 7. HP: 49/66 MP: 7/7
  6113 | D:5      | Entered Level 5 of the Dungeon
  6153 | D:5      | Found a staircase to the Ecumenical Temple.
  6331 | D:5      | Reached skill level 6 in Throwing
  6371 | D:5      | HP: 1/99 [water moccasin (5)]
  6372 | D:5      | Succumbed to a water moccasin's poison

Illustrated notes

Levels and vault maps discovered:
D:1:      nzn_arrival_water_spiral, layout_rooms, basic_ecumenical_altar,
          minivault_26, st_stairs_7
D:2:      layout_basic
D:3:      layout_basic, uniq_ijyb
D:4:      layout_loops_ring, columned_hall_lemuel, uniq_sigmund
D:5:      layout_gridville, minmay_temple_entry_from_below_a,
          serial_co_window_serial, co_window_paths_a, co_window_paths_a,
          co_window_paths_a, co_window_paths_b, co_window_paths_b,
          co_window_paths_b, co_window_of_opportunity_a,
          co_window_of_opportunity_a, co_window_corner_a, co_window_broadway_b,
          co_window_broadway_a, co_window_broadway_b, glass_columns_a,
          glass_columns_b, glass_columns_a, minivault_11, minivault_23,
          hangedman_decor_opposing, uniq_crazy_yiuf_cottage

Skill      XL: |  1  2  3  4  5  6  7 |
---------------+----------------------+-----
Stealth        | 3 |  3.0
Maces & Flails | 1 2 3 4 |  4.9
Throwing       | 3 4 5 6 |  6.0
Fighting       | |  2.6
Short Blades   | |  1.7
Dodging        | |  0.8

Action                   |  1- 3 |  4- 6 |  7- 9 || total
-------------------------+-------+-------+-------++-------
Melee: Whip              |   157 |   196 |    78 ||   431
       Dagger            |     9 |       |       ||     9
       Flail             |       |       |    34 ||    34
Throw: Dart              |     8 |    47 |     8 ||    63
       Large rock        |       |     6 |       ||     6
  Use: Potion            |       |     2 |     4 ||     6
 Stab: Sleeping          |     4 |     7 |       ||    11
Armor: Robe              |    69 |    52 |    60 ||   181
       Skin              |       |    14 |       ||    14
Dodge: Dodged            |    77 |    58 |    44 ||   179
